 Dungeon Crawl Stone Soup version 0.27-a0-760-gc38aae387d (webtiles) character file.

Game seed: 7579107390837768813

517 polve the Conjurer (level 7, -3/52 HPs)
             Began as a Demonspawn Abyssal Knight on Mar 24, 2021.
             Was a Believer of Lugonu.
             Slain by a gnoll
             ... wielding a +0 spear
              (7 damage)
             ... on level 5 of the Dungeon.
             The game lasted 00:03:34 (5717 turns).

polve the Conjurer (Demonspawn Abyssal Knight)      Turns: 5717, Time: 00:03:35

Health: -3/52      AC:  2    Str: 10 (12) XL:     7   Next: 0%
Magic:  2/10       EV: 11    Int: 15 (16) God:    Lugonu [**....]
Gold:   195        SH:  0    Dex: 12      Spells: 9/10 levels left

rFire    . . .     SeeInvis .   f - +1 dagger (venom)
rCold    . . .     Faith    .   (no shield)
rNeg     . . .     Spirit   .   (no armour)
rPois    .         Reflect  .   (no helmet)
rElec    .         Harm     .   (no cloak)
rCorr    .         Rampage  .   (no gloves)
Will     .....                  (no boots)
Stlth    +.........             (no amulet)
HPRegen  0.17/turn              (no ring)
MPRegen  0.12/turn              (no ring)

@: no status effects
A: claws 1, iridescent scales 1, spiny 1, demonic magic 1, hooves 1,
deterioration 1
a: Renounce Religion, Depart the Abyss, Bend Space


You were on level 5 of the Dungeon.
You worshipped Lugonu.
Lugonu was pleased with you.
You visited 1 branch of the dungeon, and saw 5 of its levels.
You visited the Abyss 1 time.

You collected 195 gold pieces.

Inventory:

Hand Weapons
 a - a +1 falchion
 f - a +1 dagger of venom (weapon)
Armour
 c - a +0 scale mail
Jewellery
 k - a +4 ring of protection
 r - a +6 ring of intelligence
Wands
 l - a wand of digging (3)
Scrolls
 b - a scroll of noise {unknown}
 d - 2 scrolls of fog {unknown}
 e - a scroll of torment {unknown}
 g - 6 scrolls of identify {unknown}
 i - a scroll of magic mapping {unknown}
 j - a scroll of enchant weapon {unknown}
 m - 2 scrolls of teleportation {unknown}
 n - a scroll of amnesia {unknown}
 s - a scroll of fear {unknown}
Potions
 h - a potion of might {unknown}
 o - a potion of berserk rage {unknown}
 p - 2 potions of haste {unknown}
 q - a potion of lignification {unknown}


   Skills:
 - Level 3.0 Fighting
 - Level 3.2 Long Blades
 - Level 1.7 Armour
 - Level 0.8 Dodging
 - Level 2.0 Spellcasting
 + Level 6.1 Conjurations
 - Level 2.4 Invocations


You had 9 spell levels left.
You knew the following spells:

 Your Spells              Type           Power      Damage    Failure   Level
a - Magic Dart            Conj           76%        1d6       1%          1

Your spell library contained the following spells:

 Spells                   Type           Power      Damage    Failure   Level
 Conjure Flame            Conj/Fire      10%        6-21      19%         3
 Animate Skeleton         Necr           2%         N/A       22%         1
 Apportation              Tloc           2%         N/A       22%         1
 Corona                   Hex            1%         N/A       22%         1
 Summon Small Mammal      Summ           4%         N/A       22%         1
 Mephitic Cloud           Conj/Pois/Air  7%         N/A       28%         3
 Blink                    Tloc           N/A        N/A       32%         2
 Call Imp                 Summ           1%         N/A       32%         2
 Slow                     Hex            1%         N/A       32%         2


Dungeon Overview and Level Annotations

Branches:
Dungeon (5/15)
 Temple: D:4-7

Altars:
Makhleb
Nemelex Xobeh
Ru


Innate Abilities, Weirdness & Mutations

You have sharp fingernails.
You are partially covered in iridescent scales. (AC +2)
You are partially covered in sharp spines.
Spells you cast may paralyse adjacent enemies.
You have large cloven feet.
Your body sometimes deteriorates upon taking damage.


Message History

The gnoll misses you. The gnoll is struck by your spines.
The gnoll hits you with a +0 club.
You hit the gnoll but do no damage.
The gnoll is poisoned.
The gnoll is severely wounded.
The gnoll misses you. The gnoll closely misses you. x2
You hit the gnoll but do no damage.
The gnoll looks as sick as possible!
The gnoll is severely wounded.
The gnoll misses you. The gnoll hits you with a +0 club!
Your body deteriorates!
You feel weakened. The gnoll is struck by your spines.
You kill the gnoll!
Lugonu accepts your kill. The gnoll barely misses you.
You hit the gnoll.
The gnoll is lightly wounded.
The gnoll barely misses you. The gnoll closely misses you.
You hit the gnoll.
The gnoll is poisoned.
The gnoll is moderately wounded.
The gnoll misses you.
The gnoll hits you from afar with a +0 spear.
You hit the gnoll but do no damage.
The gnoll looks as sick as possible!
You kick the gnoll.
The gnoll is heavily wounded.
The gnoll hits you from afar with a +0 spear!
The gnoll is struck by your spines.
You kill the gnoll!
Lugonu accepts your kill.
You have reached level 7!
Your demonic ancestry asserts itself...
Iridescent scales grow over part of your body.
The gnoll hits you with a +0 club!
* * * LOW HITPOINT WARNING * * *
The gnoll closely misses you.
You see here a +0 halberd.
You hit the gnoll but do no damage.
The gnoll is poisoned.
The gnoll is moderately wounded.
The gnoll barely misses you. The gnoll hits you with a +0 spear.
* * * LOW HITPOINT WARNING * * *
The gnoll hits you from afar with a +0 spear!
You die...

##### ...#
##.########
#..)).gg...
#..#######.
#g.....#
#g####.#
####@####
#.......# #
#.##.##.#
...#.##.##.#
#.......##.#
#.##.#..##.#
#.#..##.#
#.#..##.# ##
#.......#


You could see 2 gnolls.

Vanquished Creatures
  Eustachio (D:3)
  An ogre (D:4)
  2 jellies
  A gnoll shaman (D:5)
  2 worker ants
  An orc wizard (D:3)
  A hound skeleton (D:5)
  2 gnolls (D:5)
  3 adders
  A dart slug (D:1)
  5 orcs
  4 endoplasms
  4 giant cockroaches
  4 goblins
  10 hobgoblins
  6 jackals
  9 kobolds
  2 quokkas
  8 ball pythons
  3 bats
  3 frilled lizards
  8 rats
81 creatures vanquished.

Notes
Turn   | Place    | Note
-------+----------+-------------------------------------------
     0 | Abyss:1  | polve the Demonspawn Abyssal Knight began the quest for the
                  | Orb.
     0 | Abyss:1  | Reached XP level 1. HP: 18/18 MP: 2/2
   138 | Abyss:1  | Found a corrupted altar of Lugonu.
   163 | Abyss:1  | Noticed a ynoxinul
   164 | D:1      | Escaped the Abyss
   543 | D:1      | Gained mutation: You are partially covered in sharp spines.
                  | [demonic ancestry]
   543 | D:1      | Reached XP level 2. HP: 19/24 MP: 3/3
   764 | D:1      | Reached * piety under Lugonu
   771 | D:1      | You fall into a shaft and drop 1 floor!
  1331 | D:1      | Learned a level 1 spell: Magic Dart
  1508 | D:2      | Reached XP level 3. HP: 29/29 MP: 4/4
  2204 | D:2      | Found a sacrificial altar of Ru.
  2287 | D:2      | Gained mutation: Your body sometimes deteriorates upon
                  | taking damage. [potion of mutation]
  2287 | D:2      | Gained mutation: You have large cloven feet. [potion of
                  | mutation]
  2845 | D:3      | Reached skill level 1 in Spellcasting
  2845 | D:3      | Reached skill level 1 in Conjurations
  2855 | D:3      | Reached ** piety under Lugonu
  2882 | D:3      | Gained mutation: Spells you cast may paralyse adjacent
                  | enemies. [demonic ancestry]
  2882 | D:3      | Reached XP level 4. HP: 23/35 MP: 3/6
  3257 | D:3      | Reached skill level 2 in Conjurations
  3822 | D:3      | Found a sacrificial altar of Ru.
  3869 | D:4      | Noticed Eustachio
  3877 | D:3      | Reached XP level 5. HP: 32/41 MP: 3/8
  3959 | D:3      | HP: 2/41 [Eustachio/+0 rapier (8)]
  3971 | D:3      | Killed Eustachio
  3972 | D:3      | Reached skill level 4 in Conjurations
  3972 | D:3      | Gained mutation: You have sharp fingernails. [demonic
                  | ancestry]
  3972 | D:3      | Reached XP level 6. HP: 7/47 MP: 7/9
  4713 | D:4      | Found a sparkling altar of Nemelex Xobeh.
  4915 | D:4      | Reached skill level 5 in Conjurations
  5043 | D:4      | Found a burning altar of Makhleb.
  5043 | D:4      | Noticed a cacodemon
  5046 | D:4      | Noticed a neqoxec
  5046 | D:4      | Noticed a neqoxec
  5139 | D:5      | Entered Level 5 of the Dungeon
  5701 | D:5      | Reached skill level 6 in Conjurations
  5715 | D:5      | Gained mutation: You are partially covered in iridescent
                  | scales. (AC +2) [demonic ancestry]
  5715 | D:5      | Reached XP level 7. HP: 16/52 MP: 1/10
  5717 | D:5      | Slain by a gnoll

Illustrated notes

Levels and vault maps discovered:
D:1:      matt_arrival_refuge, layout_loops_ring
D:2:      layout_basic, nrook_campfire, hangedman_ru_absence
D:3:      layout_basic, marbit_many_paths, kennysheep_doodads,
          minmay_pentomino_pile
D:4:      layout_rooms, kennysheep_little_box, makhleb_altar_promises_db,
          uniq_eustachio
D:5:      minmay_recursive_quarters, layout_basic, kennysheep_small_circle

Skill      XL: |  1  2  3  4  5  6 |
---------------+-------------------+-----
Long Blades    | 2 3 |  3.2
Spellcasting   | 1 2 |  2.0
Conjurations   | 1 2 4 6 |  6.1
Fighting       | |  3.0
Armour         | |  1.7
Dodging        | |  0.8
Invocations    | |  2.4

Action                   |  1- 3 |  4- 6 |  7- 9 || total
-------------------------+-------+-------+-------++-------
Melee: Falchion          |    80 |       |       ||    80
       Dagger            |    11 |   115 |     1 ||   127
       Kick              |     2 |    22 |       ||    24
 Cast: Magic Dart        |     3 |    16 |       ||    19
Invok: Depart the Abyss  |     1 |       |       ||     1
  Use: Potion            |     3 |     2 |       ||     5
Armor: Scale mail        |    38 |    12 |       ||    50
Dodge: Dodged            |    31 |    65 |     2 ||    98
       Rpst.: Falchion   |     5 |       |       ||     5

Table legend: (Time is in decaauts)
 A = Elapsed time spent in this place.
 B = Non-inter-level travel time spent in this place.
 C = Inter-level travel time spent in this place.
 D = Time resting spent in this place.
 E = Time spent auto-exploring this place.
 F = Levels seen in this place.
 G = Mean time per level.
                   A        B        C        D        E       F      G
               +--------+--------+--------+--------+--------+-----+--------+
         Total |   5719 |   5615 |    104 |      0 |   5058 |   6 |  953.2 |
       Dungeon |   5555 |   5451 |    104 |      0 |   4895 |   5 | 1111.0 |
         Abyss |    164 |    164 |      0 |      0 |    163 |   1 |  164.0 |
               +--------+--------+--------+--------+--------+-----+--------+

Top non-repeatable levels by time:
     D:3: 1761 daAuts
     D:2: 1218 daAuts
     D:1: 1106 daAuts
     D:4: 893 daAuts
     D:5: 575 daAuts
 Abyss:1: 164 daAuts
